 Dungeon Crawl Stone Soup version 0.30-a0-924-g0ad0bf95bc (webtiles) character file.

Game seed: 18360882913806497452

4173 jasper the Carver (level 10, 0/120 HPs)
             Began as a Demonspawn Reaver on Mar 22, 2023.
             Was a High Priest of Okawaru.
             Slain by a chaos spawn (2 damage)
             ... summoned by a kobold demonologist
             ... on level 9 of the Dungeon.
             The game lasted 00:14:32 (6470 turns).

jasper the Carver (Demonspawn Reaver)               Turns: 6470, Time: 00:14:33

Health: 0/120      AC: 25    Str: 13    XL:     10   Next: 7%
Magic:  13/13      EV:  2    Int: 15    God:    Okawaru [*****.]
Gold:   529        SH:  0    Dex: 21    Spells: 12/13 levels left

rFire   . . .      SeeInvis .    y - +2 scimitar (flame)
rCold   . . .      Faith    .    (no shield)
rNeg    . . .      Spirit   .    k - melded +2 ring mail {rF+}
rPois   +          Reflect  .    h - melded +1 helmet
rElec   .          Rampage  .    c - melded scarf of the Volcano {rC+ rF+, Str+3 SInv Stlth+}
rCorr   .          NoTele   +    i - melded +0 pair of gloves
Will    .....                    z - melded +2 pair of boots
Stlth   ++                       (no amulet)
HPRegen 0.40/turn                g - +6 ring of dexterity
MPRegen 0.13/turn                (no ring)

@: tree-form (expiring), studying Fighting, invisible
A: stationary, stasis, torment immunity, boosted hp, ignite blood 2, (spiny 1),
(demonic touch 2), (antennae 1)
a: Renounce Religion, Heroism, Finesse, Duel


You were on level 9 of the Dungeon.
You worshipped Okawaru.
Okawaru was extremely pleased with you.
You were a tree.
You visited 1 branch of the dungeon, and saw 9 of its levels.

You collected 529 gold pieces.

Inventory:

Hand Weapons
 a - a +0 falchion
 n - a +1 rapier of protection
 v - a +1 vampiric falchion
 y - a +2 scimitar of flaming (weapon)
Missiles
 j - 38 stones (quivered)
 p - 16 poisoned darts
 u - 5 boomerangs
 A - 6 javelins
Armour
 c - the scarf of the Volcano (melded) {rC+ rF+, Str+3 SInv Stlth+}
   (You acquired it on level 5 of the Dungeon)

   Str:       It affects your strength (+3).
   SInv:      It lets you see invisible.
   Stlth:     It makes you more stealthy.
 h - a +1 helmet (melded)
 i - a +0 pair of gloves (melded)
 k - a +2 ring mail of fire resistance (melded)
 w - a +0 troll leather armour
 z - a +2 pair of boots (melded)
Jewellery
 g - a +6 ring of dexterity (left branch)
Scrolls
 f - 4 scrolls of magic mapping
 l - 2 scrolls of enchant armour
 m - a scroll of immolation
 r - 2 scrolls of vulnerability
 t - a scroll of teleportation
 B - a scroll of enchant weapon
Potions
 b - 3 potions of attraction
 o - a potion of magic


   Skills:
 + Level 8.1 Fighting
 * Level 9.8 Long Blades
 - Level 3.0 Throwing
 - Level 5.0 Armour
 + Level 3.7 Dodging
 - Level 2.0 Spellcasting
 - Level 3.0 Conjurations
 - Level 3.0 Invocations


You had 12 spell levels left.
You knew the following spells:

 Your Spells              Type           Power      Damage    Failure   Level
a - Kiss of Death         Conj/Necr      24%        2d7       12%         1

Your spell library contained the following spells:

 Spells                   Type           Power      Damage    Failure   Level
 Momentum Strike          Conj/Tloc      12%        3d8       19%         2
 Hailstorm                Conj/Ice       6%         3d4       34%         3


Dungeon Overview and Level Annotations

Branches:
Dungeon (9/15)             Temple (0/1) D:7            Lair (0/5) D:9
    Orc: D:9-12

Altars:
Hepliaklqana
Okawaru
Uskayaw
Yredelemnul

Annotations:
D:2 Jessica


Innate Abilities, Weirdness & Mutations

You are a tree.
Your roots penetrate the ground, keeping you stationary.
You cannot be teleported.
You are immune to unholy pain and torment.
Your maximum health is greatly increased.
Your equipment is partially melded.
Your demonic aura often causes spilled blood to erupt in flames.
((You are partially covered in sharp spines.))
((Your touch may inflict irresistible damage on your foes.))
((You have a pair of small antennae on your head.))


Message History

The chaos spawn completely misses you.
The chaos spawn hits you but does no damage.
The chaos spawn hits you.
* * * LOW HITPOINT WARNING * * *
The chaos spawn shocks you!
* * * LOW HITPOINT WARNING * * *
The smoke demon gestures at you. Something smites you!
* * * LOW HITPOINT WARNING * * *
The chaos spawn hits you but does no damage.
The chaos spawn gores you!
* * * LOW HITPOINT WARNING * * *
The chaos spawn freezes you!
* * * LOW HITPOINT WARNING * * *
You turn to wood and can move again.
You take 37 damage, and have 11/120 hp.
MASSIVE DAMAGE!!
Unknown command.
Unknown command.
It was a potion of curing.
You feel better.
Your transformation is almost over.
The chaos spawn gores you but does no damage.
You regained 8 hp, and now have 19/120 hp.
It was a potion of invisibility.
You fade into invisibility!
The chaos spawn barely misses you.
It was a potion of mutation.
You feel extremely strange. A pair of antennae grows on your head!
The chaos spawn gores you.
* * * LOW HITPOINT WARNING * * *
The chaos spawn freezes you!
* * * LOW HITPOINT WARNING * * *
You take 16 damage, and have 4/120 hp.
You feel better. The chaos spawn hits you.
* * * LOW HITPOINT WARNING * * *
The chaos spawn freezes you!
* * * LOW HITPOINT WARNING * * *
You take 2 damage, and have 2/120 hp.
It was a potion of flight.
Your roots keep you in place.
The chaos spawn hits you.
You die...

#...# #..# #...# #..# #...#
#... ###########...# ##..
..............##############
...
...|...........45.z....o...#
################3K.lK).o...#
#4##########.Yz.. #♣# .Y.
#.###### >
################........
........................
>.......................
.............###########
.............#
.............#
.............#


You could see an ice devil (summoned, unable to see you), a kobold demonologist
(unable to see you), a smoke demon (summoned, unable to see you), a chaos spawn
(summoned, unable to see you), an iron imp (summoned, unable to see you) and a
wight (unable to see you).

Vanquished Creatures
  Erica (D:8)
  A troll (D:8)
  A yak (D:6)
  A basilisk (D:9)
  A water moccasin (D:6)
  Duvessa (D:4)
  4 sky beasts
  An ice beast (D:7)
  3 black bears
  An orc warrior (D:8)
  6 centaurs
  A kobold brigand (D:8)
  2 bullfrogs (D:8)
  A scorpion (D:5)
  5 wights (D:9)
  Dowan (D:4)
  A water moccasin skeleton (D:4)
  3 killer bees (D:7)
  A bullfrog zombie (D:4)
  A centaur zombie (D:4)
  2 jellies
  An orc priest (D:4)
  3 hounds
  2 sleepcaps
  4 iguanas
  2 scorpion zombies (D:4)
  2 orc wizards (D:9)
  2 hound zombies (D:4)
  3 hound skeletons (D:4)
  A howler monkey zombie (D:4)
  A howler monkey skeleton (D:4)
  3 gnolls
  4 adders
  2 white imps
  An ufetubus (D:7)
  2 worms
  A dart slug (D:4)
  14 orcs
  7 ball pythons
  7 endoplasms
  4 giant cockroaches
  A goblin (D:1)
  7 hobgoblins
  A jackal (D:4)
  14 kobolds
  2 quokkas (D:4)
  3 bats
  4 frilled lizards
  A quokka zombie (D:4)
  5 rats
143 creatures vanquished.

Vanquished Creatures (others)
  A sky beast (D:6)
  4 plants (D:9)
  6 withered plants (D:4)
11 creatures vanquished.

Grand Total: 154 creatures vanquished

Notes
Turn   | Place    | Note
-------+----------+-------------------------------------------
     0 | D:1      | jasper the Demonspawn Reaver began the quest for the Orb.
     0 | D:1      | Reached XP level 1. HP: 16/16 MP: 3/3
   123 | D:1      | Reached skill level 3 in Long Blades
   212 | D:1      | Gained mutation: Your demonic aura sometimes causes spilled
                  | blood to erupt in flames. [demonic ancestry]
   212 | D:1      | Reached XP level 2. HP: 22/22 MP: 5/5
   731 | D:1      | Found a faded altar of an unknown god.
   776 | D:1      | Reached XP level 3. HP: 11/25 MP: 6/6
   868 | D:1      | Prayed at the altar of an unknown god.
   868 | D:1      | Became a worshipper of Warmaster Okawaru
   868 | D:1      | Reached * piety under Okawaru
  1002 | D:2      | Noticed Jessica
  1036 | D:3      | Reached skill level 1 in Invocations
  1133 | D:3      | Found a basalt altar of Yredelemnul.
  1971 | D:4      | Reached skill level 1 in Throwing
  1971 | D:4      | Reached XP level 4. HP: 33/33 MP: 7/7
  2114 | D:4      | Gained mutation: Your touch may inflict minor irresistible
                  | damage on your foes. [demonic ancestry]
  2114 | D:4      | Reached XP level 5. HP: 31/38 MP: 8/8
  2219 | D:4      | Reached skill level 4 in Long Blades
  2395 | D:4      | You fall into a shaft and drop 2 floors!
  2427 | D:6      | Reached skill level 1 in Armour
  2427 | D:6      | Gained mutation: Your touch may inflict irresistible damage
                  | on your foes. [demonic ancestry]
  2427 | D:6      | Reached XP level 6. HP: 42/46 MP: 9/9
  2448 | D:6      | Noticed a water moccasin
  2456 | D:6      | Killed a water moccasin
  2542 | D:6      | Noticed a yak
  2543 | D:6      | Noticed a sky beast
  2544 | D:6      | Noticed a yak
  2558 | D:6      | Noticed a yak
  2560 | D:6      | Noticed a yak
  2560 | D:6      | Killed a sky beast
  2561 | D:6      | Noticed a yak
  2571 | D:6      | Killed a yak
  2571 | D:6      | Reached ** piety under Okawaru
  2572 | D:6      | Reached skill level 5 in Long Blades
  2572 | D:6      | Reached XP level 7. HP: 39/52 MP: 8/10
  2597 | D:6      | Found a hide-covered altar of Uskayaw.
  2654 | D:5      | Entered Level 5 of the Dungeon
  2780 | D:4      | Found a hazy altar of Hepliaklqana.
  3360 | D:4      | Reached skill level 6 in Long Blades
  3733 | D:5      | Noticed Duvessa
  3733 | D:5      | Noticed Dowan
  3745 | D:4      | Killed Duvessa
  3749 | D:4      | Killed Dowan
  3750 | D:4      | Gained mutation: You are partially covered in sharp spines.
                  | [demonic ancestry]
  3750 | D:4      | Reached XP level 8. HP: 53/60 MP: 9/11
  3934 | D:5      | Reached *** piety under Okawaru
  4325 | D:5      | Identified a scroll of acquirement
  4325 | D:5      | Acquired the scarf of the Volcano {rC+ rF+, Str+3 SInv
                  | Stlth+}
  4432 | D:6      | Reached skill level 7 in Long Blades
  4605 | D:7      | Reached skill level 5 in Fighting
  4761 | D:7      | Gained mutation: Your demonic aura often causes spilled
                  | blood to erupt in flames. [demonic ancestry]
  4761 | D:7      | Reached XP level 9. HP: 20/68 MP: 10/12
  5048 | D:7      | Found a staircase to the Ecumenical Temple.
  5063 | D:7      | Reached skill level 8 in Long Blades
  5209 | D:8      | Reached **** piety under Okawaru
  5280 | D:8      | Acquired a manual of Fighting
  5360 | D:8      | Reached skill level 5 in Armour
  5637 | D:8      | Noticed a troll
  5649 | D:8      | Killed a troll
  5723 | D:8      | Reached skill level 9 in Long Blades
  6061 | D:8      | Noticed Erica
  6067 | D:8      | Killed Erica
  6067 | D:8      | Reached ***** piety under Okawaru
  6262 | D:9      | Reached XP level 10. HP: 47/80 MP: 13/13
  6437 | D:9      | Found a staircase to the Lair.
  6454 | D:9      | Noticed a smoke demon
  6468 | D:9      | Gained mutation: You have a pair of small antennae on your
                  | head. [potion of mutation]
  6468 | D:9      | HP: 4/120 [chaos spawn[a kobold demonologist] (15)]
  6470 | D:9      | Slain by a chaos spawn

Illustrated notes

Levels and vault maps discovered:
D:1:      heliophobic_arrival_henge, layout_basic, ebering_ecumenical_altar_box,
          minmay_misc_feat_square
D:2:      layout_loops_ring, minmay_circle_x, uniq_jessica
D:3:      layout_loops_cross, nicolae_overflow_hidden_temple
D:4:      minmay_skewed_foursquare, layout_loops_cross,
          worldfamousw_hep_ancestral_shrine, serial_undead, serial_undead_f,
          serial_undead_f, serial_undead_c, serial_undead_e, wad_orctagon
D:5:      layout_basic, lemuel_flamethrower_2, uniq_duvessa
D:6:      layout_gridville, grunt_dithmenos_smoke_and_mirrors, kennysheep_mini
D:7:      layout_rooms, old_standard_altar, minmay_temple_entry_tees
D:8:      layout_basic, uniq_erica
D:9:      layout_long_grid, david_lair_generic

Skill      XL: |  1  2  3  4  5  6  7  8  9 10 |
---------------+-------------------------------+-----
Long Blades    | 3 4 5 6 7 9 |  9.8
Invocations    | 2 3 |  3.0
Throwing       | 1 2 3 |  3.0
Armour         | 1 2 3 4 5 |  5.0
Fighting       | 3 4 5 7 8 |  8.1
Dodging        | 3 |  3.7
Spellcasting   | |  2.0
Conjurations   | |  3.0

Action                     |  1- 3 |  4- 6 |  7- 9 | 10-12 || total
---------------------------+-------+-------+-------+-------++-------
  Melee: Falchion          |   120 |    25 |    24 |       ||   169
         Punch             |     2 |     1 |     2 |       ||     5
         Rapier            |       |    64 |   161 |       ||   225
         Touch             |       |    21 |    53 |       ||    74
         Scimitar          |       |       |    14 |     8 ||    22
  Throw: Stone             |    11 |       |    29 |       ||    40
         Boomerang         |     9 |    21 |    29 |       ||    59
   Cast: Kiss of Death     |     1 |       |       |       ||     1
 Invoke: Heroism           |     1 |     3 |     4 |       ||     8
    Use: Scroll            |     6 |     3 |     8 |     1 ||    18
         Potion            |     1 |     2 |       |     6 ||     9
   Stab: Sleeping          |       |       |     3 |       ||     3
 Armour: Leather armour    |    28 |       |       |       ||    28
         Ring mail         |    10 |    47 |    99 |     4 ||   160
         Skin              |       |       |       |     6 ||     6
  Dodge: Dodged            |    76 |    54 |   133 |    12 ||   275

Table legend: (Time is in decaauts)
 A = Elapsed time spent in this place.
 B = Non-inter-level travel time spent in this place.
 C = Inter-level travel time spent in this place.
 D = Time resting spent in this place.
 E = Time spent auto-exploring this place.
 F = Levels seen in this place.
 G = Mean time per level.
                   A        B        C        D        E       F      G
               +--------+--------+--------+--------+--------+-----+--------+
         Total |   6473 |   6029 |    444 |    421 |   3626 |   9 |  719.2 |
       Dungeon |   6473 |   6029 |    444 |    421 |   3626 |   9 |  719.2 |
               +--------+--------+--------+--------+--------+-----+--------+

Top non-repeatable levels by time:
     D:4: 1311 daAuts
     D:8: 978 daAuts
     D:1: 974 daAuts
     D:3: 962 daAuts
     D:5: 801 daAuts
     D:7: 668 daAuts
     D:6: 462 daAuts
     D:9: 245 daAuts
     D:2: 67 daAuts
